 Dungeon Crawl Stone Soup version 0.28-a0-1524-ge72afd5fc6 (webtiles) character file.

Game seed: 10847694121682868464

79 murtidash the Magician (level 4, -1/31 HPs)
             Began as a Djinni Ice Elementalist on Jan 17, 2022.
             Slain by Grinder (14 damage)
             ... on level 3 of the Dungeon.
             The game lasted 00:02:57 (3229 turns).

murtidash the Magician (Djinni Ice Elementalist)    Turns: 3229, Time: 00:02:57

Health: -1/31      AC:  2    Str:  7    XL:     4   Next: 64%
Gold:   132        EV: 12    Int: 19    God:
                   SH:  0    Dex: 13

rFire   + + .      SeeInvis .   b - +0 dagger
rCold   x . .      Faith    .   (no shield)
rNeg    . . .      Spirit   .   a - +0 robe
rPois   ∞          Reflect  .   (no helmet)
rElec   .          Harm     .   (no cloak)
rCorr   .          Rampage  .   (no gloves)
Will    .....                   (boots unavailable)
Stlth   ++........              (no amulet)
HPRegen 0.10/turn               (no ring)
MPRegen 0.00/turn               (no ring)

@: freezing walls, flying
A: sickness immunity, fire resistance 2, cold vulnerability 1, float, innate
caster, hp casting, extra vitality 1
a: no special abilities


You were on level 3 of the Dungeon.
You visited 1 branch of the dungeon, and saw 3 of its levels.

You collected 132 gold pieces.

Inventory:

Hand Weapons
 b - a +0 dagger (weapon)
   (You took it off a kobold on level 1 of the Dungeon)
Armour
 a - a +0 robe (worn)
Scrolls
 c - 3 scrolls of immolation {unknown}
 d - a scroll of amnesia {unknown}
 h - a scroll of magic mapping {unknown}
Potions
 e - a potion of brilliance {unknown}
 f - a potion of lignification {unknown}


   Skills:
 - Level 2.1 Dodging
 - Level 1.5 Stealth
 + Level 4.5 Spellcasting


You couldn't memorise any spells.
You knew the following spells:

 Your Spells              Type           Power      Damage    Failure   Level
a - Frozen Ramparts       Ice            42%        1d6       6%          3
A - Ozocubu's Armour      Ice            21%        N/A       6%          3
U - Animate Skeleton      Necr           42%        N/A       1%          1
X - Hailstorm             Conj/Ice       21%        3d6       21%         4
Z - Freeze                Ice            84%        1d10      1%          1
Your spell library was empty.

Dungeon Overview and Level Annotations

Branches:
Dungeon (3/15)

Altars:

Annotations:
D:3 Grinder


Innate Abilities, Weirdness & Mutations

You are immune to sickness and miasma.
You are immune to poison.
Your flesh is very heat resistant. (rF++)
You are vulnerable to cold. (rC-)
You float through the air rather than walking.
You learn spells naturally, not from books.
Your magical power is your life essence.
You have superior vitality. (+4 MHP)


Message History

You take 3 damage, and have 12/31 hp.
The wall freezes the gnoll.
You kill the gnoll!
The wall freezes the ball python.
You kill the ball python!
The wall freezes the gnoll.
Aim: a gnoll, wielding a +0 whip (lightly wounded)
You freeze the gnoll.
The wall freezes the gnoll.
The gnoll barely misses you.
Aim: a gnoll, wielding a +0 whip (heavily wounded)
You freeze the gnoll.
The frozen ramparts melt away.
The gnoll completely misses you.
You take 1 damage, and have 11/31 hp.
Aim: a gnoll, wielding a +0 whip (severely wounded)
You freeze the gnoll. The gnoll barely misses you.
You take 1 damage, and have 10/31 hp.
Aim: a gnoll, wielding a +0 whip (almost dead)
You freeze the gnoll.
You kill the gnoll!
* * * LOW HITPOINT WARNING * * *
You take 1 damage, and have 9/31 hp.
Things that are here:
a +0 whip; a gnoll skeleton; Health restored: 31
Things that are here:
a +0 halberd; a +0 halberd
Found a stone staircase leading down.
Grinder comes into view.
There is a stone staircase leading down here.
Things that are here:
a +0 halberd; a +0 halberd
Okay, then.
Unknown command.
Okay, then.
Okay, then.
Unknown command.
You attempt to give life to the dead...
The dead are walking!
There is a stone staircase leading down here.
Really fly into a travel-excluded area?
Grinder shouts!
What are your orders? t - Shout!
Orders for allies: a - Attack new target. r - Retreat! s - Stop attacking. g - Guard the area. f - Follow me.
Anything else - Cancel.
Gang up on whom?
Aim: Grinder Attack!
Your gnoll skeleton crumbles into dust!
You miscast Frozen Ramparts.
You are very lightly contaminated with residual magic.
Nothing appears to happen.
Grinder blinks!
You take 3 damage, and have 28/31 hp.
You can't see any susceptible monsters within range! (Use Z to cast anyway.) Unknown command.
Unknown command.
The walls around you are covered in ice.
Grinder completely resists.
The wall freezes Grinder but does no damage.
Grinder gestures at you.
You suddenly lose the ability to move!
Grinder resists.
The wall freezes Grinder.
Grinder says, "Make like a tree!"
Grinder blinks!
A worm comes into view.
Your magical contamination has completely faded away.
Grinder completely resists.
The wall freezes Grinder but does no damage.
Grinder completely resists.
The wall freezes Grinder but does no damage.
You can move again.
You take 2 damage, and have 26/31 hp.
Aim: Grinder (lightly wounded)
You freeze Grinder.
Grinder resists.
Grinder completely resists.
The wall freezes Grinder but does no damage.
Grinder gestures at you. Pain shoots through your body!
You take 5 damage, and have 21/31 hp.
You aren't carrying any items that you can evoke.
Unknown command.
Okay, then.
It was a potion of curing.
You feel better.
Grinder completely resists.
The wall freezes Grinder but does no damage.
Grinder misses you.
You regained 5 hp, and now have 26/31 hp.
Aim: Grinder (lightly wounded)
You freeze Grinder.
Grinder resists.
Grinder completely resists.
The wall freezes Grinder but does no damage.
Grinder drinks a potion.
Grinder seems to grow stronger.
You take 1 damage, and have 25/31 hp.
Aim: Grinder (lightly wounded, strong)
You freeze Grinder.
Grinder resists.
The frozen ramparts melt away.
Grinder hits you!
You take 9 damage, and have 16/31 hp.
MASSIVE DAMAGE!!
You don't know that spell.
Unknown command.
The walls around you are covered in ice.
Grinder completely resists.
The wall freezes Grinder but does no damage.
Grinder hits you!
You die...

#.Z...#
#####.# #.#
#.# #.#
#.######
#......#
####..###.#
+..@)>#
####5##
#......?.
.......#.
#.#..w..#
#. .....#
#. .......
#. ####.##
#. .#


You could see Grinder (strong) and a worm.

Vanquished Creatures
  3 gnolls (D:3)
  An adder (D:2)
  A worm (D:2)
  A dart slug (D:1)
  3 bats
  3 endoplasms
  2 giant cockroaches
  4 goblins
  3 hobgoblins
  4 kobolds
  6 ball pythons
  3 frilled lizards
  5 rats
39 creatures vanquished.

Notes
Turn   | Place    | Note
-------+----------+-------------------------------------------
     0 | D:1      | murtidash the Djinni Ice Elementalist began the quest for
                  | the Orb.
     0 | D:1      | Reached XP level 1. HP: 15/15 MP: 0/0
   306 | D:1      | Reached XP level 2. HP: 17/21 MP: 0/0
   998 | D:1      | Reached XP level 3. HP: 25/25 MP: 0/0
   998 | D:1      | Learned a level 1 spell: Animate Skeleton
  1523 | D:2      | Reached skill level 4 in Spellcasting
  1662 | D:2      | Found a faded altar of an unknown god.
  2488 | D:2      | Reached XP level 4. HP: 24/31 MP: 0/0
  3173 | D:3      | Noticed Grinder
  3219 | D:3      | Paralysed by Grinder for 6 turns
  3229 | D:3      | Slain by Grinder

Illustrated notes

Levels and vault maps discovered:
D:1:      dpeg_arrival_oval, layout_loops_ring, st_stairs_11
D:2:      layout_basic, hellmonk_ecumenical_altar_zigzags
D:3:      layout_basic, nicolae_overflow_hidden_temple, hangedman_decor_lopped,
          uniq_grinder, uniq_natasha, uniq_jessica

Skill      XL: |  1  2  3 |
---------------+----------+-----
Spellcasting   | 4 |  4.5
Dodging        | |  2.1
Stealth        | |  1.5

Action                   |  1- 3 |  4- 6 || total
-------------------------+-------+-------++-------
Melee: Dagger            |    10 |     1 ||    11
 Cast: Freeze            |    52 |     8 ||    60
       Frozen Ramparts   |       |     4 ||     4
       Animate Skeleton  |       |     1 ||     1
  Use: Potion            |       |     1 ||     1
 Stab: Sleeping          |     4 |       ||     4
Armor: Robe              |     6 |       ||     6
Dodge: Dodged            |    25 |    14 ||    39

Table legend: (Time is in decaauts)
 A = Elapsed time spent in this place.
 B = Non-inter-level travel time spent in this place.
 C = Inter-level travel time spent in this place.
 D = Time resting spent in this place.
 E = Time spent auto-exploring this place.
 F = Levels seen in this place.
 G = Mean time per level.
                   A        B        C        D        E       F      G
               +--------+--------+--------+--------+--------+-----+--------+
         Total |   3228 |   3170 |     58 |     31 |   2832 |   3 | 1076.0 |
       Dungeon |   3228 |   3170 |     58 |     31 |   2832 |   3 | 1076.0 |
               +--------+--------+--------+--------+--------+-----+--------+

Top non-repeatable levels by time:
     D:1: 1459 daAuts
     D:2: 1449 daAuts
     D:3: 318 daAuts

Table legend:
 A = Kills in this place as a percentage of kills in entire the game.
 B = Kills by you in this place as a percentage of kills by you in the entire game.
 C = Kills by friends in this place as a percentage of kills by friends in the entire game.
 D = Other kills in this place as a percentage of other kills in the entire game.
 E = Experience gained in this place as a percentage of experience gained in the entire game.
 F = Experience gained in this place divided by the number of levels of this place that you have seen.
                   A       B       C       D       E      F
               +-------+-------+-------+-------+-------+----------------------
         Total | 100.0 | 100.0 |   N/A |   N/A | 100.0 |  38.0
       Dungeon | 100.0 | 100.0 |   N/A |   N/A | 100.0 |  38.0
               +-------+-------+-------+-------+-------+----------------------
